 Dungeon Crawl Stone Soup version 0.32-a0-938-g40ac7a0f4d (webtiles) character file.

Game seed: 12482076483230230092

183 uglyjohn the Ruffian (level 5, -2/34 (40) HPs)
             Began as a Draconian Shapeshifter on Apr 15, 2024.
             Slain by a kobold brigand
             ... wielding a +0 short sword
              (7 damage)
             ... in a sewer.
             The game lasted 00:04:44 (1797 turns).

uglyjohn the Ruffian (Draconian Shapeshifter)       Turns: 1797, Time: 00:04:46

HP:   -2/34 (40)    AC:  5    Str: 17    XL:     5   Next: 35%
MP:   5/5           EV: 11    Int: 12    God:
Gold: 90            SH:  0    Dex: 10    Spells: 4/4 levels left

rFire   . .          .
                       - Unarmed
rCold   . . .        (no shield)
rNeg    . . .        (body armour unavailable)
rPois   .            (helmet currently unavailable)
rElec   .            (cloak currently unavailable)
rCorr   .            (gloves currently unavailable)
SInv    .            (boots currently unavailable)
Will    .....        (no amulet)
Stlth   +            (no ring)
HPRegen 0.25/turn    (no ring)
MPRegen 0.09/turn

%: no passive effects
@: beast-form, heavily drained
A: beast (slay +2), AC +5, unfitting armour, cold-blooded
a: Begin Untransformation


You were in a sewer.
You were a hulking beast.
You visited 1 branch of the dungeon, and saw 3 of its levels.
You also visited: Sewer.

You collected 130 gold pieces.
You spent 40 gold pieces at shops.

Inventory:

Missiles
 n - a throwing net (quivered)
Armour
 h - a +0 pair of boots
Talismans
 b - a beast talisman (active)
 c - a flux talisman
Scrolls
 d - 3 scrolls of identify {unknown}
 e - 3 scrolls of revelation {unknown}
 f - a scroll of blinking {unknown}
 g - a scroll of teleportation {unknown}
 i - a scroll of vulnerability {unknown}
 k - a scroll of summoning {unknown}
 l - a scroll of poison {unknown}
Potions
 a - a potion of lignification
 j - 3 potions of curing
 m - a potion of heal wounds {unknown}
 o - 2 potions of magic {unknown}
 p - a potion of invisibility {unknown}
 q - a potion of haste {unknown}


   Skills:
 - Level 1.1 Fighting
 - Level 1.7 Dodging
 + Level 4.8 Unarmed Combat
 + Level 4.5 Shapeshifting


You had 4 spell levels left.
You didn't know any spells.
Your spell library was empty.

Dungeon Overview and Level Annotations

Branches:
Dungeon (4/15)              Sewer (1/1)
 Temple: D:4-7

Altars:

Shops:
D:2 ![


Innate Abilities, Weirdness & Mutations

You are a hulking beast.
Your limbs bulge with bestial killing power. (Slay +2)
Your plain brown scales are hard. (AC +5)
You cannot fit into any form of body armour.
You are cold-blooded and may be slowed by cold attacks.


Message History

The kobold brigand throws a curare-tipped dart.
The curare-tipped dart barely misses you.
You swing at nothing.
You hit the kobold brigand.
Your tail-slap misses the kobold brigand.
The kobold brigand is moderately wounded.
The kobold brigand hits you with a +0 short sword.
You barely miss the kobold brigand.
The kobold brigand is moderately wounded.
The kobold brigand misses you.
The kobold brigand hits you with a +0 short sword.
You hit the kobold brigand. You tail-slap the kobold brigand.
The kobold brigand is heavily wounded.
The kobold brigand hits you with a +1 dagger of draining.
You feel drained. The kobold brigand misses you.
You miss the kobold brigand.
The kobold brigand is heavily wounded.
You hit the kobold brigand.
The kobold brigand is severely wounded.
The kobold brigand splashes around in the water.
The kobold brigand hits you with a +1 dagger of draining.
You feel drained.
You closely miss the kobold brigand.
The kobold brigand is severely wounded.
The kobold brigand hits you with a +0 short sword.
The kobold brigand hits you but does no damage.
You feel drained.
You barely miss the kobold brigand.
The kobold brigand is severely wounded.
The kobold brigand misses you.
The kobold brigand hits you with a +1 dagger of draining!
You feel drained.
You hit the kobold brigand. Your punch misses the kobold brigand.
The kobold brigand is almost dead.
The kobold brigand hits you with a +1 dagger of draining.
* * * LOW HITPOINT WARNING * * *
You feel drained.
* * * LOW HITPOINT WARNING * * *
The kobold brigand hits you with a +0 short sword!
You die...

##~..## ##~~~## ##~## ##~##
#~# #~# # #~# #~# ##. ##~##
##†## ##~.. ##~..## ##~..##
#~.~.~####~...~#####.~...##
#~....~~~KK..~~≈≈≈≈≈~~∩~.~~
#~~..~####h....#####...~~##
##.~. ##.~.## ##~~.## ##~
##≈## ##≈## # #≈# ##≈# #≈#
≈≈# #≈# ##≈# ##≈## ##≈##
##.~.## ##.~.##
~.~####...~.#####~...~##


You could see 2 kobold brigands.

Vanquished Creatures
  A bombardier beetle (D:4)
  A river rat (D:4)
  4 adders
  3 gnolls (D:4)
  2 ribbon worms
  An orc (D:4)
  6 ball pythons
  4 bats
  8 endoplasms
  3 giant cockroaches
  4 goblins
  A hobgoblin (D:1)
  7 jackals
  11 kobolds
  A quokka (D:1)
  2 frilled lizards
  10 rats
69 creatures vanquished.

Notes
Turn   | Place    | Note
-------+----------+-------------------------------------------
     0 | D:1      | uglyjohn the Draconian Shapeshifter began the quest for the
                  | Orb.
     0 | D:1      | Reached XP level 1. HP: 16/16 MP: 1/1
    72 | D:1      | Reached XP level 2. HP: 23/23 MP: 2/2
   717 | D:2      | Reached XP level 3. HP: 25/28 MP: 3/3
   736 | D:2      | Found Zofeudaf's Distillery.
   739 | D:2      | Found Loogeymi's Armour Emporium.
   744 | D:2      | Bought a potion of curing for 30 gold pieces
   744 | D:2      | Bought a potion of degeneration for 10 gold pieces
  1234 | D:2      | You fall into a shaft and drop 2 floors!
  1249 | D:4      | Reached XP level 4. HP: 23/35 MP: 4/4
  1443 | D:4      | Found a glowing drain.
  1458 | D:4      | Reached XP level 5. HP: 24/40 MP: 5/5
  1464 | Sewer    | Entered a sewer
  1797 | Sewer    | Slain by a kobold brigand

Illustrated notes

Levels and vault maps discovered:
D:1:      amcnicky_arrival_flooded_fountain, layout_rooms
D:2:      layout_basic, serial_shops, nicolae_shop_crystal,
          nicolae_shop_rolled_up, shop, shop, nicolae_lakefront_shop,
          chequers_serial_rivers_large_b, minmay_misc_feat_secret_circle
D:4:      layout_loops_ring, marbit_many_paths, trog_butcher_becter,
          minmay_temple_entry_statues, cheibrodos_sewer_entry_sluice,
          uniq_menkaure
Sewer:    sewer_co_15_rooms

Skill      XL: |  1  2  3  4 |
---------------+-------------+-----
Unarmed Combat | 4 |  4.8
Shapeshifting  | 4 |  4.5
Fighting       | |  1.1
Dodging        | |  1.7

Action                     |  1- 3 |  4- 6 || total
---------------------------+-------+-------++-------
  Melee: Unarmed           |   118 |    95 ||   213
         Tailslap          |    13 |     8 ||    21
         Punch             |     1 |     2 ||     3
 Armour: Skin              |    78 |    49 ||   127
  Dodge: Dodged            |    82 |    33 ||   115

Table legend: (Time is in decaauts)
 A = Elapsed time spent in this place.
 B = Non-inter-level travel time spent in this place.
 C = Inter-level travel time spent in this place.
 D = Time resting spent in this place.
 E = Time spent auto-exploring this place.
 F = Levels seen in this place.
 G = Mean time per level.
                   A        B        C        D        E       F      G
               +--------+--------+--------+--------+--------+-----+--------+
         Total |   1819 |   1791 |     28 |    140 |   1104 |   4 |  454.8 |
       Dungeon |   1454 |   1426 |     28 |     87 |    969 |   3 |  484.7 |
         Sewer |    365 |    365 |      0 |     53 |    134 |   1 |  365.0 |
               +--------+--------+--------+--------+--------+-----+--------+

Top non-repeatable levels by time:
     D:2: 621 daAuts
     D:1: 605 daAuts
   Sewer: 365 daAuts
     D:4: 227 daAuts
